 Dungeon Crawl Stone Soup version 0.20-a0-842-g939b552 (webtiles) character file.

1565 M4edhros the Magician (level 9, -2/57 HPs)
             Began as a Formicid Air Elementalist on Mar 9, 2017.
             Was a High Priest of Jiyva.
             Slain by a centaur warrior (10 damage)
             ... on level 11 of the Dungeon.
             The game lasted 00:15:01 (6487 turns).

M4edhros the Magician (Formicid Air Elementalist)   Turns: 6487, Time: 00:15:02

Health: -2/57      AC:  1    Str: 14 (16) XL:     9   Next: 13%
Magic:  18/18      EV: 21    Int: 17 (18) God:    Jiyva [*****.]
Gold:   203        SH:  0    Dex: 18      Spells: 9/20 levels left

rFire    + + .     SeeInvis +   I - +2 dagger (venom)
rCold    + . .     Gourm    .   a - +0 robe
rNeg     . . .     Faith    .   (no shield)
rPois    +         Spirit   .   (helmet unavailable)
rElec    +         Reflect  .   (no cloak)
rCorr    +         Harm     .   (no gloves)
MR       +....     Clarity  +   (no boots)
Stlth    +++.......             (no amulet)
Regen    0.2/turn               C - ring of protection from magic
MPRegen  0.2/turn               x - ring of protection from fire

@: mighty, agile, resistant, drained
A: permanent stasis, dig shafts and tunnels, four strong arms, antennae 3, claws
1, repulsion field 1, clarity, sense surroundings 1, acidic bite, pseudopods 1
a: Dig, Shaft Self, Request Jelly, Slimify, Cure Bad Mutation, Renounce Religion


You were on level 11 of the Dungeon.
You worshipped Jiyva.
Jiyva was extremely pleased with you.
You were not hungry.

You visited 2 branches of the dungeon, and saw 10 of its levels.
You also visited: Sewer.

You collected 203 gold pieces.

Inventory:

Hand Weapons
 y - a +0 hunting sling
 B - a +0 hunting sling
 I - a +2 dagger of venom (weapon)
Missiles
 w - 118 stones (quivered)
 G - 26 arrows
 J - 18 bolts
Armour
 a - a +0 robe (worn)
Jewellery
 e - a cursed ring of teleportation {unknown}
 x - a ring of protection from fire (left claw)
 C - a ring of protection from magic (right claw)
 D - an uncursed ring of protection from fire
Wands
 A - a wand of paralysis (0/24)
 F - a wand of random effects (0/48)
 H - a wand of flame (30/48)
Scrolls
 h - 4 scrolls of remove curse {unknown}
 j - a scroll of noise {unknown}
 m - a scroll of random uselessness {unknown}
 o - 4 scrolls of identify
 p - 2 scrolls of amnesia {unknown}
 r - 2 scrolls of blinking {unknown}
 s - a scroll of fog {unknown}
 u - a scroll of teleportation {unknown}
 z - 2 scrolls of enchant armour {unknown}
 K - a scroll of fear {unknown}
Potions
 f - a potion of lignification
 g - a potion of curing
 l - a potion of haste
 v - a potion of flight {unknown}
 E - a potion of mutation
Books
 b - a book of Air

   Spells                             Type                      Level
   a - Shock                          Conjuration/Air              1
   b - Swiftness                      Charms/Air                   2
   c - Static Discharge               Conjuration/Air              3
   d - Airstrike                      Air                          4
   e - Lightning Bolt                 Conjuration/Air              5
Comestibles
 c - 3 bread rations
 d - a meat ration
 i - 3 royal jellies
 k - 3 chunks of flesh


   Skills:
 + Level 3.9(3.8) Dodging
 - Level 2.4(2.3) Stealth
 * Level 6.3(6.2) Spellcasting
 * Level 5.3(5.2) Conjurations
 * Level 5.3(5.2) Air Magic


You had 9 spell levels left.
You knew the following spells:

 Your Spells              Type           Power        Failure   Level  Hunger
a - Shock                 Conj/Air       ###.         1%          1    None
b - Static Discharge      Conj/Air       ###.....     6%          3    ##.....
c - Swiftness             Chrm/Air       ##......     10%         2    None
d - Lightning Bolt        Conj/Air       ###.......   45%         5    #####..


Dungeon Overview and Level Annotations

Branches:
Dungeon (11/15)            Temple (1/1) D:4
   Lair: D:8-11         Orc: D:9-12

Altars:
Ashenzari
Cheibriados
Dithmenos
Elyvilon
Fedhas
Gozag
Hepliaklqana
Kikubaaqudgha
Makhleb
Nemelex Xobeh
Okawaru
Qazlal
Ru
Sif Muna
Trog
Uskayaw
Vehumet
Wu Jian
Xom
Yredelemnul
Zin
The Shining One
Jiyva


Innate Abilities, Weirdness & Mutations

You cannot be hasted, slowed, berserked, paralysed or teleported.
You can dig through walls and to a lower floor.
Your four strong arms can wield two-handed weapons with a shield.
You have a pair of large antennae on your head. (SInv)
You have sharp fingernails.
You are surrounded by a mild repulsion field. (EV +2)
You possess an exceptional clarity of mind.
You passively map a small area around you.
You have acidic saliva.
Armour fits poorly on your pseudopods.


Message History

It was a potion of resistance.
You feel protected. The sky beast hits you.
* * * LOW HITPOINT WARNING * * *
The sky beast shocks you. You resist.
* * * LOW HITPOINT WARNING * * *
The hound closely misses you.
It was a potion of mutation.
You feel extremely strange.
Your pseudopods become smaller.
Your thoughts seem clearer.
Your fingernails lengthen.
You feel a strange attunement to the structure of the dungeons.
You begin to radiate repulsive energy.
The two-headed ogre shouts in stereo!
The hound barely misses you. The sky beast misses you.
The centaur warrior closely misses you. The hound completely misses you.
It was a potion of might.
You feel very mighty all of a sudden. The death knight completely misses you.
The sky beast misses you. The centaur warrior hits you!
You die...

* ##### ## ##
#,.... O .
#.♣[..#.,.♣ ,
#..O#..{#.{,* , ,
###.##### ### ,
*##...#.h.#.?.###
, ,
.....u/Y@p.?...#
, *
#$..#.c.#...#.#,
#*#.#####.###
#..a ...#..p# *
#.♣ ..#...♣.# ,
#,,?.. 9{.. # *,
#### ##### , ,, ,
, *


You could see a death knight, a green ugly thing, a centaur warrior, a
two-headed ogre, a soldier ant, a sky beast and a hound.

Vanquished Creatures
  A black bear (D:6)
  3 ogres
  A phantom (D:5)
  4 big kobolds
  A bullfrog (D:5)
  A scorpion (D:5)
  A crimson imp (D:6)
  A hound (D:6)
  A quasit (D:5)
  2 orc wizards
  Terence (D:3)
  Natasha (twice) (D:3)
  A killer bee zombie (D:6)
  10 adders
  2 river rats (Sewer)
  A shadow imp (D:6)
  An adder zombie (D:6)
  4 worms
  5 leopard geckos
  11 orcs
  4 giant cockroaches
  5 goblins
  9 hobgoblins
  6 jackals
  23 kobolds
  2 quokkas (D:5)
  3 ball pythons
  5 bats
  4 frilled lizards
  A quokka zombie (D:6)
  7 rats
123 creatures vanquished.

Vanquished Creatures (others)
  The ghost of cortexin the Sneak, a novice DgAs (D:6)
  The ghost of M4edhros the Magician, an amateur FoAE (Sewer)
  The ghost of murphvienna the Chopper, an amateur MiBe of Trog (D:3)
  A centaur (D:5)
  A bullfrog (D:6)
  A big kobold (Sewer)
  A scorpion (D:4)
  A crimson imp (D:5)
  17 jellies
  An orc priest (D:6)
  A centaur skeleton (D:4)
  An orc wizard (D:6)
  Ijyb (D:2)
  An iguana (D:4)
  Natasha (D:3)
  An adder (D:4)
  A river rat (Sewer)
  5 orcs
  3 ball pythons
  3 goblins (D:2)
  4 hobgoblins
  A frilled lizard (D:1)
  9 kobolds
  A leopard gecko skeleton (D:4)
  3 rats
  3 plants (D:6)
65 creatures vanquished.

Grand Total: 188 creatures vanquished

Notes
Turn   | Place    | Note
-------+----------+-------------------------------------------
     0 | D:1      | M4edhros the Formicid Air Elementalist began the quest for the Orb.
     0 | D:1      | Reached XP level 1. HP: 13/13 MP: 3/3
    33 | D:1      | Reached skill level 1 in Conjurations
   119 | D:1      | Reached XP level 2. HP: 17/19 MP: 0/5
   498 | D:3      | Found a white marble altar of Elyvilon.
   556 | D:3      | Reached XP level 3. HP: 11/24 MP: 2/6
   894 | D:3      | Noticed Natasha
   908 | D:3      | Killed Natasha
   908 | D:3      | Reached XP level 4. HP: 20/30 MP: 0/8
   931 | D:3      | Noticed Natasha
   933 | D:3      | Noticed Terence
   959 | D:4      | Reached skill level 3 in Spellcasting
  1096 | D:4      | Found a staircase to the Ecumenical Temple.
  1109 | Temple   | Entered the Ecumenical Temple
  1156 | Temple   | Became a worshipper of Jiyva Juotibbi the Shapeless
  1360 | D:4      | Found a glowing drain.
  1367 | Sewer    | Entered a sewer
  1387 | Sewer    | Noticed a big kobold
  1406 | Sewer    | Killed a big kobold
  1406 | Sewer    | Reached XP level 5. HP: 26/35 MP: 0/10
  1441 | Sewer    | Noticed M4edhros's ghost (amateur FoAE)
  1447 | Sewer    | Killed M4edhros's ghost
  1582 | Sewer    | Reached XP level 6. HP: 36/41 MP: 4/11
  1675 | Sewer    | Reached * piety under Jiyva
  1781 | Sewer    | Reached skill level 4 in Spellcasting
  2452 | D:1      | Reached ** piety under Jiyva
  2882 | D:2      | Found a shimmering altar of Xom.
  2882 | D:2      | Found a glowing silver altar of Zin.
  2883 | D:2      | Noticed an angel
  2937 | D:2      | Found a shadowy altar of Dithmenos.
  3014 | D:2      | Killed Ijyb
  3154 | D:2      | Reached XP level 7. HP: 46/46 MP: 9/13
  3436 | D:3      | Reached *** piety under Jiyva
  3451 | D:3      | Killed Terence
  3530 | D:3      | Killed murphvienna's ghost
  3537 | D:3      | Found a basalt altar of Yredelemnul.
  3553 | D:3      | Gained mutation: Armour fits poorly on your pseudopods. [Jiyva's grace]
  3749 | D:3      | Killed Natasha
  3762 | D:3      | Killed Natasha
  4362 | D:5      | Entered Level 5 of the Dungeon
  4399 | D:5      | Found a shattered altar of Ashenzari.
  4729 | D:5      | Gained mutation: You have acidic saliva. [Jiyva's grace]
  4730 | D:5      | Reached **** piety under Jiyva
  4853 | D:5      | Reached skill level 5 in Spellcasting
  5195 | D:5      | Learned a level 3 spell: Static Discharge
  5198 | D:5      | Learned a level 2 spell: Swiftness
  5204 | D:5      | Learned a level 5 spell: Lightning Bolt
  5243 | D:6      | Found a deep blue altar of Sif Muna.
  5243 | D:6      | Found an ancient bone altar of Kikubaaqudgha.
  5251 | D:5      | Reached XP level 8. HP: 39/52 MP: 2/15
  5656 | D:6      | Gained mutation: Your mind is acute. (Int +2) [Jiyva's grace]
  5663 | D:6      | Found a blossoming altar of Fedhas.
  5663 | D:6      | Found an iron altar of Okawaru.
  5665 | D:6      | Found a stormy altar of Qazlal.
  5665 | D:6      | Found a sparkling altar of Nemelex Xobeh.
  5751 | D:6      | Noticed cortexin's ghost (novice DgAs)
  5839 | D:6      | Killed cortexin's ghost
  5839 | D:6      | Reached skill level 6 in Spellcasting
  5839 | D:6      | Reached skill level 5 in Conjurations
  5839 | D:6      | Reached skill level 5 in Air Magic
  5839 | D:6      | Reached XP level 9. HP: 32/57 MP: 16/18
  5845 | D:6      | Reached ***** piety under Jiyva
  5879 | D:6      | Found a glowing golden altar of the Shining One.
  6088 | D:6      | Lost mutation: Your mind is acute. (Int +2) [Jiyva's grace]
  6209 | D:6      | Gained mutation: Armour fits poorly on your large pseudopods. [Jiyva's grace]
  6458 | D:7      | You fall through a shaft for 3 floors!
  6458 | D:10     | Entered Level 10 of the Dungeon
  6481 | D:11     | Noticed a brown ugly thing
  6481 | D:11     | Noticed a two-headed ogre
  6481 | D:11     | Noticed a death knight
  6481 | D:11     | Noticed a green ugly thing
  6481 | D:11     | Noticed a gargoyle
  6482 | D:11     | Noticed a centaur warrior
  6486 | D:11     | Lost mutation: Armour fits poorly on your large pseudopods. [potion of mutation]
  6486 | D:11     | Gained mutation: You possess an exceptional clarity of mind. [potion of mutation]
  6486 | D:11     | Gained mutation: You have sharp fingernails. [potion of mutation]
  6486 | D:11     | Gained mutation: You passively map a small area around you. [potion of mutation]
  6486 | D:11     | Gained mutation: You are surrounded by a mild repulsion field. (EV +2) [potion of mutation]
  6487 | D:11     | Slain by a centaur warrior

Vault maps used:
D:1:      nicolae_arrival_washed_ashore
D:2:      kennysheep_the_goblin_king, grunt_temple_overflow_order_and_chaos_1,
          lemuel_doored_altar
D:3:      kennysheep_ying_yang, first_bread, uniq_terence, uniq_natasha
D:4:      minmay_temple_entry_glassed_door, lightli_sewer_entry_pipes
D:5:      evilmike_ruin_ashenzari
D:6:      kennysheep_kobold_camp, nicolae_overflow_crystal_walls,
          grunt_temple_overflow_open
D:7:      black_bear_nest_2, serial_shops, nicolae_shop_trees, grunt_livestock
D:10:     uniq_josephine
D:11:     minmay_ambush_box, basic_altar, serial_shops, shop,
          nicolae_shop_temple_entry_statues_fountains, shop_statue, shop
Temple:   pf_slimified_temple
Sewer:    sewer_co_tree

Skill      XL: |  1  2  3  4  5  6  7  8 |
---------------+-------------------------+-----
Conjurations   | 1 2 3 4 5 |  5.3
Dodging        | 2 3 |  3.9
Spellcasting   | 3 4 5 6 |  6.3
Air Magic      | 3 4 5 |  5.3
Stealth        | |  2.4

Action                   |  1- 3 |  4- 6 |  7- 9 || total
-------------------------+-------+-------+-------++-------
Melee: Unarmed           |    68 |    20 |     1 ||    89
       Dagger            |       |       |    64 ||    64
       Pseudopods        |       |       |     8 ||     8
       Bite              |       |       |     6 ||     6
 Cast: Shock             |    38 |   122 |   149 ||   309
       Static Discharge  |       |       |    12 ||    12
       Swiftness         |       |       |     1 ||     1
Invok: Request Jelly     |       |       |     1 ||     1
Evoke: Wand              |       |       |    15 ||    15
  Use: Potion            |       |       |    11 ||    11
       Scroll            |       |       |     1 ||     1
 Stab: Sleeping          |       |       |     2 ||     2
       Paralysed         |       |       |    11 ||    11
  Eat: Chunk             |       |     7 |     3 ||    10
Armor: Robe              |    24 |     1 |     7 ||    32
       Skin              |       |       |    20 ||    20
Dodge: Dodged            |    63 |    23 |   112 ||   198
